 Dungeon Crawl Stone Soup version 0.32-a0-712-g515539a (webtiles) character file.

Game seed: 991885526368097993

2689 PidgeyThePirate the Skirmisher (level 9, -2/75 HPs)
             Began as a Coglin Hunter on Mar 15, 2024.
             Was a Follower of Okawaru.
             Slain by a killer bee (7 damage)
             ... on level 7 of the Dungeon.
             The game lasted 00:15:22 (5839 turns).

PidgeyThePirate the Skirmisher (Coglin Hunter)      Turns: 5839, Time: 00:15:23

Health: -2/75      AC:  6    Str: 15    XL:     9   Next: 64%
Magic:  9/9        EV: 12    Int:  8    God:    Okawaru [*.....]
Gold:   345        SH:  0    Dex: 19    Spells: 8/8 levels left

rFire   . . .        a - +2 sling {Dietrich}
rCold   . . .        d - +0 sling {Cipactli}
rNeg    . . .        c - +0 leather armour
rPois   .            (no helmet)
rElec   .            o - scarf {repulsion}
rCorr   .            f - +0 pair of gloves
SInv    .            (no boots)
Will    .....        (amulet unavailable)
Stlth   ++           (ring unavailable)
HPRegen 0.32/turn    (ring unavailable)
MPRegen 0.11/turn    (no gizmo)

%: repel missiles
@: lethally poisoned (-2 -> -17), revved
A: off-hand wielding, slow wielding, warmup strikes, no jewellery, iridescent
scales 1, robust 1
a: Invent Gizmo, Renounce Religion, Heroism


You were on level 7 of the Dungeon.
You worshipped Okawaru.
Okawaru was aware of your devotion.
You visited 2 branches of the dungeon, and saw 11 of its levels.
You also visited: Ossuary.

You collected 345 gold pieces.

Inventory:

Hand Weapons
 a - a +2 sling (weapon) {Dietrich}
 d - a +0 sling (offhand) {Cipactli}
Missiles
 p - 2 throwing nets
Armour
 c - a +0 leather armour (worn)
 e - a +0 cloak
 f - a +0 pair of gloves (worn)
 g - a +1 scale mail of fire resistance
 o - a scarf of repulsion (worn)
Wands
 k - a wand of charming (7)
 r - a wand of mindburst (16)
Scrolls
 h - 2 scrolls of vulnerability
 i - 2 scrolls of fear
 j - a scroll of identify
 l - 8 scrolls of enchant armour
 n - 2 scrolls of immolation
 q - a scroll of teleportation
Potions
 b - 3 potions of brilliance
 m - 3 potions of curing
 t - a potion of ambrosia {unknown}


   Skills:
 + Level 5.7 Fighting
 + Level 10.7 Ranged Weapons
 + Level 2.3 Armour
 + Level 2.7 Dodging
 + Level 1.6 Stealth


You had 8 spell levels left.
You didn't know any spells.
Your spell library contained the following spells:

 Spells                   Type           Power      Damage    Failure   Level
 Blink                    Tloc           0%         N/A       63%         2
 Lesser Beckoning         Tloc           0%         N/A       63%         2
 Momentum Strike          Conj/Tloc      0%         3d8       63%         2
 Scorch                   Fire           0%         2d5       63%         2
 Static Discharge         Conj/Air       0%         3-3/arc   63%         2
 Sublimation of Blood     Necr           0%         N/A       63%         2
 Dazzling Flash           Conj/Hex       0%         N/A       85%         3
 Frozen Ramparts          Ice            0%         1d1       85%         3
 Mephitic Cloud           Conj/Alch/Air  0%         N/A       85%         3
 Ozocubu's Armour         Ice            0%         N/A       85%         3
 Airstrike                Air            0%         2d(0-16)  99%         4
 Flame Wave               Conj/Fire      0%         2d4       99%         4
 Petrify                  Alch/Erth      0%         N/A       99%         4
 Curse of Agony           Necr           0%         N/A       100%        5
 Irradiate                Conj/Alch      0%         3d11      100%        5
 Metabolic Englaciation   Hex/Ice        0%         N/A       100%        5
 Silence                  Hex/Air        0%         N/A       100%        5
 Eringya's Noxious Bog    Alch           0%         4d6       100%        6
 Summon Lightning Spire   Summ/Air       Unusable   N/A       N/A         4
 Summon Forest            Summ/Tloc      Unusable   N/A       N/A         5
 Summon Cactus Giant      Summ           Unusable   N/A       N/A         6
 Summon Hydra             Summ           Unusable   N/A       N/A         7

Dungeon Overview and Level Annotations

Branches:
Dungeon (10/15)            Temple (1/1) D:5            Lair (0/5) D:10
Ossuary (visited)
    Orc: D:9-12

Altars:
Ashenzari
Cheibriados
Dithmenos
Elyvilon
Gozag
Hepliaklqana
Kikubaaqudgha
Makhleb
Nemelex Xobeh
Okawaru
Qazlal
Ru
Sif Muna
Trog
Vehumet
Wu Jian
Xom
Yredelemnul
Zin

Annotations:
D:10 Snorg


Innate Abilities, Weirdness & Mutations

You can wield a second weapon in your off-hand.
It takes a long time for you to wield or remove held weapons.
Your first few attacks do less damage.
You cannot equip rings or amulets.
You are partially covered in iridescent scales. (AC +2)
You are robust. (+10% HP)


Message History

You shoot a sling bullet.
The sling bullet barely misses the killer bee.
The sling bullet misses the killer bee.
You feel sick. The killer bee stings you.
* * * LOW HITPOINT WARNING * * *
You shoot a sling bullet.
The sling bullet barely misses the killer bee.
The sling bullet hits the killer bee.
The killer bee is heavily wounded.
You shoot a sling bullet.
The sling bullet closely misses the killer bee.
The sling bullet hits the killer bee!
You kill the killer bee!
Okawaru accepts your kill.
You feel sick.
You are no longer poisoned.
The killer bee misses you. The killer bee barely misses you.
You shoot a sling bullet.
The sling bullet closely misses the killer bee.
You shoot a sling bullet. The sling bullet misses the killer bee.
The killer bee completely misses you. The killer bee barely misses you.
Unknown command.
You shoot a sling bullet.
The sling bullet barely misses the killer bee.
You shoot a sling bullet. The sling bullet hits the killer bee.
The killer bee is almost dead.
The killer bee barely misses you. The killer bee stings you.
* * * LOW HITPOINT WARNING * * *
You are poisoned.
The killer bee poisons you!
Unknown command.
You shoot a sling bullet.
The sling bullet closely misses the killer bee.
You shoot a sling bullet.
The sling bullet closely misses the killer bee.
You feel sick. The killer bee stings you.
* * * LOW HITPOINT WARNING * * *
You are more poisoned.
The killer bee poisons you! The killer bee stings you!
You die...

y# y# .# .# .# .#
####.# ## #.@y.# #.
########.##.# #.
#...........#
####.###.######.##.#
#..................#
#.##.#.....##>.....#
#.##........#.#.#..#
#.##..........#.#..#
.#.##.......#.#.#..#


You could see a killer bee.

Vanquished Creatures
  Sigmund (D:2)
  A shadow (D:10)
  3 water moccasins
  Duvessa (D:5)
  An orc warrior (D:10)
  An ogre (D:3)
  A bullfrog (D:6)
  4 scorpions
  Dowan (D:5)
  3 killer bees (D:7)
  2 bombardier beetles (D:5)
  3 centaur zombies (Ossuary)
  3 hounds
  A human zombie (Ossuary)
  2 jellies
  3 orc priests
  A gnoll bouda (D:4)
  A sleepcap (D:6)
  An iguana (D:5)
  4 orc wizards
  Ijyb (D:5)
  4 hound zombies (Ossuary)
  2 mummies (Ossuary)
  Robin (D:4)
  14 gnolls
  8 adders
  A shadow imp (D:6)
  A white imp (D:7)
  2 ufetubi (D:5)
  9 adder zombies (Ossuary)
  2 dart slugs
  2 ribbon worms
  21 orcs
  2 bats
  3 endoplasms
  5 giant cockroaches
  11 goblins
  4 hobgoblins
  4 jackals (D:2)
  2 kobolds
  3 quokkas
  3 ball pythons
  A frilled lizard (D:1)
  7 gnoll zombies (Ossuary)
  4 jackal zombies (Ossuary)
  6 kobold zombies (Ossuary)
  3 orc zombies (Ossuary)
  5 rats
169 creatures vanquished.

Vanquished Creatures (collateral kills)
  Edmund (D:5)
  The ghost of ooops the Insei, a weakling DsSh (D:3)
  An iguana (D:3)
  A dart slug (D:3)
  A kobold (D:3)
5 creatures vanquished.

Grand Total: 174 creatures vanquished

Notes
Turn   | Place    | Note
-------+----------+-------------------------------------------
     0 | D:1      | PidgeyThePirate the Coglin Hunter began the quest for the
                  | Orb.
     0 | D:1      | Reached XP level 1. HP: 16/16 MP: 1/1
   177 | D:1      | Reached skill level 4 in Ranged Weapons
   177 | D:1      | Reached XP level 2. HP: 22/22 MP: 2/2
   698 | D:2      | Reached XP level 3. HP: 27/27 MP: 3/3
   811 | D:2      | Noticed Sigmund
   821 | D:2      | Killed Sigmund
   822 | D:2      | Reached skill level 5 in Ranged Weapons
   822 | D:2      | Reached skill level 1 in Armour
   822 | D:2      | Reached skill level 1 in Stealth
   822 | D:2      | Reached XP level 4. HP: 11/34 MP: 4/4
   822 | D:2      | Reached XP level 5. HP: 13/39 MP: 5/5
  1062 | D:3      | Found a faded altar of an unknown god.
  1086 | D:3      | Noticed an ogre
  1090 | D:3      | Killed an ogre
  1091 | D:3      | Reached skill level 6 in Ranged Weapons
  1091 | D:3      | Reached XP level 6. HP: 47/47 MP: 6/6
  1206 | D:3      | Noticed ooops's ghost (weakling DsSh)
  1219 | D:3      | Found a runed translucent gate.
  1219 | D:3      | Found a runed translucent gate.
  1219 | D:3      | Found a runed translucent gate.
  1419 | D:3      | Killed ooops's ghost
  1832 | D:4      | Reached XP level 7. HP: 50/52 MP: 7/7
  2272 | D:4      | Reached skill level 7 in Ranged Weapons
  2273 | D:4      | Noticed Robin
  2276 | D:4      | Killed Robin
  2662 | D:5      | Entered Level 5 of the Dungeon
  2673 | D:5      | Noticed Edmund
  2696 | D:5      | Killed Edmund
  2733 | D:5      | Reached XP level 8. HP: 54/60 MP: 8/8
  2778 | D:5      | Found a staircase to the Ecumenical Temple.
  2807 | D:5      | Found a sand-covered staircase.
  2817 | Ossuary  | Entered an ossuary
  2902 | Ossuary  | Reached skill level 8 in Ranged Weapons
  2987 | Ossuary  | HP: 2/60 [mummy (15)]
  3547 | D:5      | Found an opulent altar of Gozag.
  3547 | D:5      | Found a basalt altar of Yredelemnul.
  3616 | D:5      | Reached skill level 9 in Ranged Weapons
  3616 | D:5      | Found an ornate altar of the Wu Jian Council.
  3754 | D:5      | Noticed Duvessa
  3754 | D:5      | Noticed Dowan
  3755 | D:5      | Noticed Ijyb
  3777 | D:5      | Gained mutation: You are partially covered in iridescent
                  | scales. (AC +2) [potion of mutation]
  3777 | D:5      | Gained mutation: You are robust. (+10% HP) [potion of
                  | mutation]
  3802 | D:5      | Killed Dowan
  3944 | D:5      | Killed Ijyb
  4168 | Temple   | Entered the Ecumenical Temple
  4186 | Temple   | Became a worshipper of Warmaster Okawaru
  4323 | D:5      | Killed Duvessa
  4525 | D:6      | Reached XP level 9. HP: 66/73 MP: 9/9
  4567 | D:6      | Reached skill level 5 in Fighting
  4796 | D:6      | Reached * piety under Okawaru
  4875 | D:6      | Reached skill level 10 in Ranged Weapons
  5370 | D:7      | You fall into a shaft and drop 3 floors!
  5370 | D:10     | Entered Level 10 of the Dungeon
  5420 | D:10     | Found a staircase to the Lair.
  5473 | D:10     | Noticed Snorg
  5696 | D:9      | Noticed a hornet
  5839 | D:7      | Slain by a killer bee

Illustrated notes

Levels and vault maps discovered:
D:1:      psy_arrival_radial02, layout_rooms
D:2:      layout_rooms, uniq_sigmund
D:3:      layout_rooms, gammafunk_ghost_split, ebering_ecumenical_altar_box
D:4:      layout_loops_corners, uniq_robin
D:5:      layout_loops_ring, nzn_wu_jian_contemplation,
          gammafunk_temple_overflow_statue, mainiacjoe_ossuary_entry_dusty_tomb,
          uniq_duvessa, uniq_edmund, uniq_ijyb
D:6:      layout_basic
D:7:      layout_loops_ring, nicolae_tso_carved_into_rock, fedhas_altar_4,
          nicolae_concentric_dashed_squares_mild
D:8:      gammafunk_beogh_shrine, layout_rooms, serial_shops, shop,
          nicolae_fountain_basement
D:9:      layout_basic, nicolae_uskayaw_dance_studio, serial_nicolae_subway,
          nicolae_sub_station_crystal, nicolae_sub_station_metal,
          nicolae_sub_station_stone
D:10:     layout_irregular_city, dpeg_oklobed_lair, uniq_snorg
Temple:   kb_temple_of_zot

Skill      XL: |  1  2  3  4  5  6  7  8  9 |
---------------+----------------------------+-----
Ranged Weapons | 4 5 6 7 9 10 | 10.7
Armour         | 1 2 |  2.3
Stealth        | 1 |  1.6
Fighting       | 3 4 5 |  5.7
Dodging        | 2 |  2.7

Action                     |  1- 3 |  4- 6 |  7- 9 || total
---------------------------+-------+-------+-------++-------
   Fire: Sling             |    94 |   130 |   838 ||  1062
    Use: Scroll            |       |     4 |    13 ||    17
         Potion            |       |       |     6 ||     6
 Armour: Leather armour    |     3 |    16 |   149 ||   168
  Dodge: Dodged            |     5 |    19 |   121 ||   145
         Repelled          |       |       |    11 ||    11

Table legend: (Time is in decaauts)
 A = Elapsed time spent in this place.
 B = Non-inter-level travel time spent in this place.
 C = Inter-level travel time spent in this place.
 D = Time resting spent in this place.
 E = Time spent auto-exploring this place.
 F = Levels seen in this place.
 G = Mean time per level.
                   A        B        C        D        E       F      G
               +--------+--------+--------+--------+--------+-----+--------+
         Total |   5855 |   5418 |    437 |      0 |   3895 |  12 |  487.9 |
       Dungeon |   5376 |   4939 |    437 |      0 |   3650 |  10 |  537.6 |
        Temple |     24 |     24 |      0 |      0 |      0 |   1 |   24.0 |
       Ossuary |    454 |    454 |      0 |      0 |    245 |   1 |  454.0 |
               +--------+--------+--------+--------+--------+-----+--------+

Top non-repeatable levels by time:
     D:5: 1302 daAuts
     D:4: 1222 daAuts
     D:6: 804 daAuts
     D:2: 536 daAuts
     D:1: 504 daAuts
     D:3: 499 daAuts
 Ossuary: 454 daAuts
    D:10: 322 daAuts
     D:8: 105 daAuts
     D:7: 76 daAuts
  Temple: 24 daAuts
     D:9: 2 daAuts
